 Dungeon Crawl Stone Soup version 0.30.0-19-g36f170ea60 (webtiles) character file.

Game seed: 11100081069426813941

7 TopTierWarrior the Conjurer (level 1, -2/16 HPs)
             Began as a Demonspawn Reaver on May 30, 2023.
             Slain by a goblin
             ... wielding a +0 dagger
              (3 damage)
             ... on level 1 of the Dungeon.
             The game lasted 00:01:53 (152 turns).

TopTierWarrior the Conjurer (Demonspawn Reaver)      Turns: 152, Time: 00:01:53

Health: -2/16      AC:  3    Str: 12    XL:     1   Next: 83%
Magic:  3/3        EV: 11    Int: 14    God:
Gold:   0          SH:  0    Dex: 11    Spells: 3/4 levels left

rFire   . . .        a - +0 spear
rCold   . . .        (no shield)
rNeg    . . .        b - +0 leather armour
rPois   .            (no helmet)
rElec   .            (no cloak)
rCorr   .            (no gloves)
SInv    .            (no boots)
Will    .....        (no amulet)
Stlth   +            (no ring)
HPRegen 0.22/turn    (no ring)
MPRegen 0.08/turn

%: no passive effects
@: no status effects
A: no striking features
a: no special abilities


You were on level 1 of the Dungeon.
You visited 1 branch of the dungeon, and saw 1 of its levels.

Inventory:

Hand Weapons
 a - a +0 spear (weapon)
 e - a +0 dagger
Missiles
 f - 5 stones
Armour
 b - a +0 leather armour (worn)
 d - a +0 leather armour
Scrolls
 g - a scroll of identify {unknown}
Potions
 c - a potion of heal wounds {unknown}


   Skills:
 + Level 2.0 Fighting
 + Level 2.9 Polearms
 + Level 1.8 Dodging
 + Level 2.0 Spellcasting
 + Level 3.1 Conjurations


You had 3 spell levels left.
You knew the following spells:

 Your Spells              Type           Power      Damage    Failure   Level
a - Kiss of Death         Conj/Necr      20%        2d7       16%         1

Your spell library contained the following spells:

 Spells                   Type           Power      Damage    Failure   Level
 Momentum Strike          Conj/Tloc      10%        3d8       24%         2
 Hailstorm                Conj/Ice       5%         3d4       43%         3


Dungeon Overview and Level Annotations

Branches:
Dungeon (1/15)

Altars:


Message History

The kobold moves out of view.
A goblin and a kobold come into view.
The goblin shouts!
The kobold shouts!
A jackal comes into view.
The kobold hits you with a +0 whip.
Something bites the plant.
The plant begins to die.
The kobold throws a stone.
The stone closely misses you.
The kobold throws a stone.
The stone barely misses you. The kobold hits you with a +0 whip.
The kobold hits you with a +0 whip. The kobold hits you with a +0 whip.
* * * LOW HITPOINT WARNING * * *
The kobold attacks as you move away! The kobold barely misses you.
The kobold throws a stone.
The stone barely misses you.
The kobold throws a stone.
The stone hits you but does no damage.
Found a stone staircase leading down.
A ball python comes into view.
The ball python hisses angrily.
The kobold throws a stone.
The stone hits you. The ball python bites you.
* * * LOW HITPOINT WARNING * * *
The ball python closely misses you.
The kobold throws a stone.
The stone barely misses you.
The stone hits the ball python.
You hit the ball python.
You kill the ball python!
You see here a ball python corpse.
The kobold throws a stone.
The stone hits you.
* * * LOW HITPOINT WARNING * * *
The jackal pauses to sniff the ground.
The kobold throws a stone.
The stone barely misses you.
A hobgoblin comes into view.
The hobgoblin shouts!
The jackal bites you.
* * * LOW HITPOINT WARNING * * *
You closely miss the goblin. The goblin hits you but does no damage.
The jackal bites you.
* * * LOW HITPOINT WARNING * * *
You barely miss the goblin. The jackal barely misses you.
The goblin hits you with a +0 dagger.
You die...

..#..≈..#..§§§..###...~
..#..≈..#...≈........♣
#...§...#....†###.#..P
.... ..........##.#
.......K..#.#
####.#>.....###
#....Kl.....
#.#..hg.#### #.##..@##
#....g.#.## #.#.#..###
#.. ###


You could see a jackal, a hobgoblin, a goblin, 2 kobolds and a frilled lizard.

Vanquished Creatures
  2 ball pythons (D:1)
  An endoplasm (D:1)
  2 bats (D:1)
  A kobold (D:1)
6 creatures vanquished.

Notes
Turn   | Place    | Note
-------+----------+-------------------------------------------
     0 | D:1      | TopTierWarrior the Demonspawn Reaver began the quest for
                  | the Orb.
     0 | D:1      | Reached XP level 1. HP: 16/16 MP: 3/3
   152 | D:1      | Slain by a goblin

Illustrated notes

Levels and vault maps discovered:
D:1:      minmay_arrival_radiant_lines, layout_loops_corners,
          serial_bayou_pond_b, minmay_pentomino_s2

Action                     || total
---------------------------++-------
  Melee: Spear             ||    15
 Armour: Leather armour    ||     6
  Dodge: Dodged            ||    12
